 Dungeon Crawl Stone Soup version 0.18-a0-1683-gf9322e6 (webtiles) character file.

3949 Gorice the Carver (level 10, -1/63 HPs)
             Began as a Demonspawn Chaos Knight on Apr 3, 2016.
             Slain by a komodo dragon (30 damage)
             ... on level 8 of the Dungeon.
             The game lasted 00:29:03 (7243 turns).

Gorice the Carver (Demonspawn Chaos Knight)         Turns: 7243, Time: 00:29:05

Health: -1/63      AC:  6    Str: 16    XL:     10   Next: 2%
Magic:  0/10       EV: 15    Int: 11    God:    Xom [.*....]
Gold:   420        SH:  0    Dex: 21    Spells: 0 memorised, 9 levels left

rFire  . . .     SeeInvis .     a - +7 rapier of Dureluz {flame, Dex+4}
rCold  + . .     Gourm    .     d - +2 leather armour
rNeg   . . .     Faith    .     (no shield)
rPois  .         Spirit   +     (helmet restricted)
rElec  .         Dismiss  .     x - +1 cloak
rCorr  .         Reflect  .     (no gloves)
SustAt .         Harm     +     h - +0 pair of boots
MR     +....     Clarity  +     n - amulet of harm
Stlth  +++.......               (no ring)
                                u - ring of protection from magic

@: somewhat resistant to hostile enchantments, fairly stealthy
A: beak, hooves 1, thin skeletal structure 2, clarity, cold resistance 1,
deformed body, dopey 1, frail 1, screaming 1, spiny 1, magic shield, magic
regeneration, subdued magic 1
a: Renounce Religion


You were on level 8 of the Dungeon.
You worshipped Xom.
You were a plaything of Xom.
You were not hungry.

You visited 2 branches of the dungeon, and saw 9 of its levels.
You also visited: Ossuary.

You collected 520 gold pieces.
You spent 100 gold pieces at shops.

Inventory:

Hand Weapons
 a - the +7 rapier of Dureluz (weapon) {flame, Dex+4}
   (You found it on level 6 of the Dungeon)

   It has been specially enchanted to burn those struck by it, causing extra
   injury to most foes and up to half again as much damage against particularly
   susceptible opponents.
   It affects your dexterity (+4).
 b - a +0 arbalest
 j - a +0 hunting sling
 A - a +0 great sword of flaming
   (You took it off an orc on level 6 of the Dungeon)
 M - a +1 falchion of chaos
 O - a +1 triple sword of protection
   (You acquired it in an ossuary)
Missiles
 l - 61 sling bullets
 q - 52 poisoned needles
 H - 21 bolts
 R - a tomahawk (quivered)
 Z - 248 stones
Armour
 d - a +2 leather armour (worn)
 h - a +0 pair of boots (worn)
 x - a +1 cloak (worn)
 y - a +0 chain mail
 P - a cursed +0 plate armour
 Q - a +0 leather armour of fire resistance
   (You took it off an orc priest on level 7 of the Dungeon)
Magical Staves
 E - an uncursed staff of earth
Jewellery
 n - an amulet of harm (around neck)
 u - a ring of protection from magic (left hand)
Wands
 C - a wand of lightning (2/15)
 I - a wand of iceblast (2/15)
Scrolls
 e - 4 scrolls of fog
 f - 7 scrolls of teleportation {!r}
 m - 7 scrolls of remove curse
 s - 2 scrolls of magic mapping {!r}
 D - a scroll of amnesia
 K - a scroll of recharging
Potions
 i - a potion of cancellation {!q}
 o - 4 potions of flight
 v - a potion of brilliance {!q}
 w - 2 potions of invisibility {!q}
 B - 2 potions of lignification {!q}
 F - 4 potions of agility {!q}
 G - a potion of heal wounds {!q}
 J - a potion of might {!q}
 L - 2 potions of curing
 N - a potion of magic {!q}
Comestibles
 c - 6 bread rations {!e}
 g - 9 chunks of flesh
 k - 4 fruits
 p - a royal jelly
 r - 4 meat rations {!e}
 t - a beef jerky
 z - a slice of pizza


   Skills:
 - Level 3.0 Fighting
 * Level 12.4 Long Blades
 - Level 1.7 Armour
 + Level 4.5 Dodging


You had 9 spell levels left.
You didn't know any spells.

Dungeon Overview and Level Annotations

Branches:
Dungeon (8/15)             Temple (1/1) D:6            Lair (0/8) D:8

Altars:
Ashenzari
Cheibriados
Dithmenos
Elyvilon
Fedhas
Gozag
Kikubaaqudgha
Makhleb
Nemelex Xobeh
Okawaru
Pakellas
Qazlal
Ru
Sif Muna
Trog
Vehumet
Xom
Yredelemnul
Zin
The Shining One

Shops:
D:4 ?


Innate Abilities, Weirdness & Mutations

You have large cloven feet.
You have a moderately thin skeletal structure (Dex +4, Stealth+).
You are partially covered in sharp spines.
When hurt, damage is shared between your health and your magic reserves.
You regenerate magic rapidly.
You have a beak for a mouth.
You possess an exceptional clarity of mind.
Your flesh is cold resistant.
Armour fits poorly on your strangely shaped body.
You are dopey. (Int -2)
You are frail (-10% HP).
You occasionally shout uncontrollably at your foes.
Your spells are a little easier to cast, but a little less powerful.


Message History

The komodo dragon bites the plant!!
The komodo dragon bites the plant!
Some of the chunks of flesh in your inventory have rotted away.
The komodo dragon bites the plant!!
Something bites the plant!
Some of the chunks of flesh in your inventory have rotted away.
You now have 420 gold pieces (gained 14).
The komodo dragon is too close now for your liking.
Xom's attention turns to you for a moment.
Nothing appears to happen.
You hit the komodo dragon. You burn the komodo dragon.
You peck the komodo dragon.
The komodo dragon is lightly wounded.
The komodo dragon is struck by your spines.
The komodo dragon barely misses you.
You completely miss the komodo dragon. Your peck misses the komodo dragon.
The komodo dragon is moderately wounded.
You closely miss the komodo dragon.
You peck the komodo dragon, but do no damage.
The komodo dragon is moderately wounded.
The komodo dragon barely misses you.
You hit the komodo dragon. You burn the komodo dragon.
You peck the komodo dragon.
The komodo dragon is heavily wounded.
The komodo dragon bites you!!
* * * LOW HITPOINT WARNING * * *
A shower of butterflies erupts from you!
Damage: 27 (max 27)
The komodo dragon completely misses your butterfly.
You swap places.
The komodo dragon barely misses your butterfly.
Evoke which item? (* to show all) (? for menu, Esc to quit)
Zapping:
I - a wand of iceblast (will waste charges)
Press: ? - help, Shift-Dir - straight line, f - komodo dragon
Aim: a komodo dragon (heavily wounded)
The mass of ice explodes!
The iceblast engulfs the komodo dragon.
The komodo dragon is severely wounded.
Evoking this partially-identified wand wasted a few charges.
Throwing (i - inventory. (,) - cycle):
R - 2 tomahawks (quivered)
Press: ? - help, Shift-Dir - straight line, f/p - komodo dragon
Aim: a komodo dragon (severely wounded)
You throw a tomahawk.
The tomahawk barely misses the komodo dragon.
You hit the komodo dragon. You burn the komodo dragon.
Your peck misses the komodo dragon.
The komodo dragon is almost dead.
The komodo dragon is struck by your spines.
The komodo dragon bites you!!
You die... "This toy is broken."

# #.#.###....#..#......#....# #
###.#.###....#..............# #
#.^.#.....####...####....#..# #
#.#.#####.........# #.#..##.# #
##...<.........#...# #.#..##.. #
##..............#..>###.##.###. #
#......##.###....b.......#.###.
###........#.##.#.#..............
................@l(b#.........###
###.).#..........#b........##.# #
#.....###.###....##.#.##.##.# #
###...................#.##.##.###
......#####...........#.##.##.##.
###...#####.###.#.#####.##.##.#..
.........)).###.#.# #.##.##.#..
##†.......).......#####.##.##....
##.#...########..<.........##..P.


You could see a komodo dragon.

Vanquished Creatures
  Grinder (D:5)
  A wyvern (D:7)
  A water moccasin (D:6)
  2 orc warriors
  An ice beast (D:5)
  A phantom (D:7)
  A sky beast (D:8)
  5 ogres
  A centaur (D:5)
  Blork the orc (D:4)
  A big kobold (D:8)
  6 giant frogs
  A gnoll sergeant (D:6)
  3 water moccasin zombies (Ossuary)
  4 killer bees (D:7)
  5 howler monkeys
  2 crimson imps
  A centaur zombie (D:7)
  A quasit (D:7)
  2 giant frog skeletons
  3 hounds
  2 jellies
  10 orc priests
  A centaur skeleton (D:4)
  An iguana (D:6)
  11 orc wizards
  2 worker ants
  A sheep (D:3)
  A big kobold zombie (Ossuary)
  A hound skeleton (D:8)
  3 mummies
  4 gnolls (D:8)
  A howler monkey zombie (D:5)
  6 adders
  A howler monkey skeleton (D:5)
  A shadow imp (D:5)
  An ooze (D:2)
  An adder skeleton (D:5)
  7 adder zombies
  A worm (D:3)
  A dart slug (D:4)
  3 giant geckos
  38 orcs
  13 bats
  6 giant cockroaches
  2 gnoll zombies (Ossuary)
  7 goblins
  10 hobgoblins
  3 jackals (D:2)
  7 kobolds
  A quokka (D:3)
  8 giant newts
  5 hobgoblin zombies (Ossuary)
  A jackal zombie (D:6)
  9 kobold zombies (Ossuary)
  2 orc zombies (Ossuary)
  A quokka zombie (D:7)
  10 rats
227 creatures vanquished.

Vanquished Creatures (others)
  3 giant frogs (D:6)
  2 orcs (D:6)
  A plant (D:8)
6 creatures vanquished.

Grand Total: 233 creatures vanquished

Notes
Turn   | Place    | Note
--------------------------------------------------------------
     0 | D:1      | Gorice the Demonspawn Chaos Knight began the quest for the Orb.
     0 | D:1      | Reached XP level 1. HP: 18/18 MP: 1/1
    27 | D:1      | XOM: silly message
    30 | D:1      | Reached skill level 3 in Long Blades
    54 | D:1      | XOM: harmless Fire miscast
    73 | D:1      | XOM: potion effect (invisibility)
   191 | D:1      | Gained mutation: You are partially covered in sharp spines. [demonic ancestry]
   191 | D:1      | Reached XP level 2. HP: 16/24 MP: 2/2
   294 | D:1      | XOM: harmless Chrm miscast
   306 | D:1      | XOM: medium Chrm miscast
   750 | D:1      | Gained mutation: When hurt, damage is shared between your health and your magic reserves. [demonic ancestry]
   750 | D:1      | Reached XP level 3. HP: 29/29 MP: 3/3
   757 | D:1      | XOM: colour smoke trail
   856 | D:1      | XOM: give mutations
   856 | D:1      | Gained mutation: You occasionally shout uncontrollably at your foes. [Xom's mischief]
   856 | D:1      | Gained mutation: Armour fits poorly on your strangely shaped body. [Xom's mischief]
   920 | D:2      | Reached skill level 4 in Long Blades
  1192 | D:2      | Found a radiant altar of Vehumet.
  1279 | D:2      | Found a shimmering altar of Xom.
  1465 | D:2      | Gained mutation: You have a somewhat thin skeletal structure (Dex +2, Stealth). [demonic ancestry]
  1465 | D:2      | Reached XP level 4. HP: 35/35 MP: 4/4
  1692 | D:2      | XOM: give mutation
  1692 | D:2      | Gained mutation: You have a beak for a mouth. [Xom's mischief]
  1759 | D:2      | XOM: noise
  1899 | D:3      | Noticed an ogre
  1906 | D:3      | XOM: polymorph quokka -> sheep
  1907 | D:3      | XOM: smoke on damage
  1908 | D:3      | Killed an ogre
  1908 | D:3      | Reached skill level 5 in Long Blades
  1908 | D:3      | Reached XP level 5. HP: 25/41 MP: 3/5
  1926 | D:3      | XOM is BORED!
  1926 | D:3      | XOM: 3-stop teleportation journey
  2322 | D:3      | Found an oddly glowing altar of Pakellas.
  2474 | D:4      | Reached skill level 6 in Long Blades
  2479 | D:3      | Reached XP level 6. HP: 20/47 MP: 2/6
  2479 | D:3      | HP: 7/47 [orc priest/divine providence (13)]
  2760 | D:4      | Noticed Blork the orc
  2772 | D:4      | Killed Blork the orc
  2832 | D:4      | XOM: cast spell 'Excruciating Wounds'
  2839 | D:4      | Reached skill level 7 in Long Blades
  2899 | D:4      | Reached XP level 7. HP: 32/52 MP: 7/7
  2981 | D:4      | XOM: 2-stop teleportation journey
  3154 | D:4      | Found Beazxau's Magic Scroll Emporium.
  3211 | D:4      | XOM: mild Trmt miscast
  3228 | D:4      | XOM: blink monster(s)
  3414 | D:5      | Entered Level 5 of the Dungeon
  3475 | D:5      | Reached skill level 8 in Long Blades
  3554 | D:5      | Noticed Grinder
  3560 | D:5      | XOM: potion effect (agility)
  3572 | D:5      | Killed Grinder
  3640 | D:5      | Reached skill level 9 in Long Blades
  3640 | D:5      | Gained mutation: You have large cloven feet. [demonic ancestry]
  3640 | D:5      | Reached XP level 8. HP: 58/58 MP: 8/8
  3793 | D:5      | XOM: divination: detect creatures
  3853 | D:5      | Found a glowing silver altar of Zin.
  3853 | D:5      | Found a white marble altar of Elyvilon.
  3854 | D:5      | Found a glowing golden altar of the Shining One.
  4134 | D:5      | XOM: harmless Divn miscast
  4166 | D:6      | XOM: stealth player
  4174 | D:6      | Got a scorched rapier
  4175 | D:6      | Identified the +7 rapier of Dureluz {flame, Dex+4} (You found it on level 6 of the Dungeon)
  4205 | D:6      | Found a shimmering altar of Xom.
  4252 | D:6      | XOM: butterfly on damage
  4275 | D:6      | XOM: harmless Divn miscast
  4297 | D:6      | Found a shimmering altar of Xom.
  4351 | D:6      | Reached skill level 10 in Long Blades
  4877 | D:6      | XOM: silly message
  4997 | D:6      | Found a staircase to the Ecumenical Temple.
  5010 | Temple   | Entered the Ecumenical Temple
  5151 | D:6      | Gained mutation: You possess an exceptional clarity of mind. [potion of beneficial mutation]
  5196 | D:7      | Found a sand-covered staircase.
  5206 | Ossuary  | Entered an ossuary
  5227 | Ossuary  | Reached skill level 11 in Long Blades
  5231 | Ossuary  | Gained mutation: You have a moderately thin skeletal structure (Dex +4, Stealth+). [demonic ancestry]
  5231 | Ossuary  | Reached XP level 9. HP: 40/63 MP: 7/9
  5232 | Ossuary  | Reached skill level 1 in Dodging
  5417 | Ossuary  | Identified a scroll of acquirement
  5513 | D:7      | XOM: butterfly on damage
  5514 | D:7      | Reached skill level 2 in Dodging
  5531 | D:7      | HP: 17/63 [killer bee (4)]
  5536 | D:7      | HP: 15/63 [poisoned by a killer bee]
  5543 | D:7      | HP: 8/63 [centaur zombie (5)]
  5548 | D:7      | HP: 7/63 [poisoned by a killer bee]
  5567 | D:7      | XOM: summons 2 hostile shadow creatures
  5923 | D:7      | XOM: give mutations
  5923 | D:7      | Gained mutation: You are weak. (Str -2) [Xom's mischief]
  5923 | D:7      | Gained mutation: You are dopey. (Int -2) [Xom's mischief]
  5923 | D:7      | Gained mutation: You are frail (-10% HP). [Xom's mischief]
  5923 | D:7      | Gained mutation: Your spells are a little easier to cast, but a little less powerful. [Xom's mischief]
  6014 | D:7      | Reached skill level 3 in Dodging
  6338 | D:7      | XOM is BORED!
  6338 | D:7      | XOM: polymorph giant gecko -> kobold
  6357 | D:7      | XOM: mild Conj miscast
  6553 | D:4      | Bought 3 scrolls of identify for 60 gold pieces
  6556 | D:4      | Gained mutation: Your flesh is cold resistant. [potion of mutation]
  6556 | D:4      | Lost mutation: You are weak. (Str -2) [potion of mutation]
  6559 | D:4      | Bought a scroll of identify for 20 gold pieces
  6559 | D:4      | Bought a scroll of identify for 20 gold pieces
  6648 | D:6      | XOM: silly message
  6747 | D:8      | Reached skill level 12 in Long Blades
  6754 | D:8      | Found a shattered altar of Ashenzari.
  6757 | D:8      | Found an oddly glowing altar of Pakellas.
  6940 | D:8      | Reached skill level 4 in Dodging
  7102 | D:8      | Found a sparkling altar of Nemelex Xobeh.
  7115 | D:8      | Gained mutation: You regenerate magic rapidly. [demonic ancestry]
  7115 | D:8      | Reached XP level 10. HP: 31/63 MP: 10/10
  7205 | D:8      | Found a staircase to the Lair.
  7228 | D:8      | XOM: harmless Divn miscast
  7233 | D:8      | XOM: butterfly on damage
  7243 | D:8      | Slain by a komodo dragon

Vault maps used:
D:1:      dpeg_arrival_short_road, minivault_11, minivault_5,
          minmay_misc_feat_enclosed
D:2:      fiery_altar_vehumet, nicolae_overflow_hidden_temple, first_bread,
          minmay_newt_pond
D:3:      grunt_pakellas_salt
D:4:      serial_shops, shop, st_stairs_8, minmay_vboxes, uniq_blork_the_orc
D:5:      good_gods_temple_1, kennysheep_cross_room, uniq_grinder
D:6:      minmay_temple_entry_enclosed_plants, basic_altar, xom_confusion_cloud
D:7:      gup_ossuary_entry_pyramid
D:8:      nicolae_overflow_crystal_walls, gammafunk_temple_overflow_statue,
          david_lair_shrubbed, hangedman_ranch, uniq_joseph
Temple:   circular_temple_12
Ossuary:  ossuary_tomb_2

Skill      XL: |  1  2  3  4  5  6  7  8  9 |
---------------+----------------------------+-----
Long Blades    | 3 4 5 6 7 9 11 12 | 12.4
Dodging        | 4 |  4.5
Fighting       | |  3.0
Armour         | |  1.7

Action                   |  1- 3 |  4- 6 |  7- 9 | 10-12 || total
-------------------------+-------+-------+-------+-------++-------
Melee: Falchion          |    60 |    66 |    55 |       ||   181
       Rapier            |       |       |   179 |     5 ||   184
 Fire: Hunting sling     |    23 |    20 |    44 |       ||    87
       Arbalest          |       |       |    34 |       ||    34
Throw: Tomahawk          |       |       |       |     1 ||     1
Evoke: Wand              |       |       |     3 |     1 ||     4
  Use: Scroll            |     4 |     5 |    17 |       ||    26
       Potion            |       |       |     3 |       ||     3
 Stab: Invisible         |     3 |       |       |       ||     3
       Confused          |       |     1 |     2 |       ||     3
       Sleeping          |       |     1 |     3 |       ||     4
  Eat: Chunk             |     2 |     5 |    13 |       ||    20

Table legend:
 A = Turns spent in this place as a percentage of turns spent in the entire game.
 B = Non-inter-level travel turns spent in this place as a percentage of non-inter-level travel turns spent in the entire game.
 C = Inter-level travel turns spent in this place as a percentage of turns spent in this place.
 D = Turns resting spent in this place as a percentage of non-inter-level travel turns spent in this place.
 E = Turns spent auto-exploring this place as a percentage of non-inter-level travel turns spent in this place.
 F = Non-inter-level travel turns spent in this place divided by the number of levels of this place that you've seen.
                   A       B       C       D       E      F
               +-------+-------+-------+-------+-------+----------------------
         Total | 100.0 | 100.0 |   0.7 |   0.6 |   7.6 | 250.1
       Dungeon |  92.5 |  92.5 |   0.7 |   0.5 |   7.8 | 289.1
        Temple |   0.4 |   0.4 |   9.1 |   0.0 |  90.0 |  10.0
       Ossuary |   7.1 |   7.1 |   0.0 |   2.2 |   0.0 | 178.0
               +-------+-------+-------+-------+-------+----------------------

Vault maps used:
D:1:      dpeg_arrival_short_road, minivault_11, minivault_5,
          minmay_misc_feat_enclosed
D:2:      fiery_altar_vehumet, nicolae_overflow_hidden_temple, first_bread,
          minmay_newt_pond
D:3:      grunt_pakellas_salt
D:4:      serial_shops, shop, st_stairs_8, minmay_vboxes, uniq_blork_the_orc
D:5:      good_gods_temple_1, kennysheep_cross_room, uniq_grinder
D:6:      minmay_temple_entry_enclosed_plants, basic_altar, xom_confusion_cloud
D:7:      gup_ossuary_entry_pyramid
D:8:      nicolae_overflow_crystal_walls, gammafunk_temple_overflow_statue,
          david_lair_shrubbed, hangedman_ranch, uniq_joseph
Temple:   circular_temple_12
Ossuary:  ossuary_tomb_2
